 Dungeon Crawl Stone Soup version 0.22.1-1-ga44c0e56f4 (webtiles) character file.

222 Blejac999 the Ruffian (level 5, -3/46 HPs)
             Began as a Ghoul Monk on Sept 24, 2018.
             Slain by an iguana (7 damage)
             ... on level 4 of the Dungeon.
             The game lasted 00:04:32 (3476 turns).

Blejac999 the Ruffian (Ghoul Monk)                  Turns: 3476, Time: 00:04:33

Health: -3/46      AC:  3    Str: 16    XL:     5   Next: 99%
Magic:  4/4        EV: 12    Int:  5    God:
Gold:   159        SH:  0    Dex: 11    Spells: 4/4 levels left

rFire    . . .     SeeInvis .     - Unarmed
rCold    + . .     Gourm    .   (no shield)
rNeg     + + +     Faith    .   j - +0 leather armour
rPois    ∞         Spirit   .   (no helmet)
rElec    .         Reflect  .   (no cloak)
rCorr    .         Harm     .   (no gloves)
MR       .....                  (no boots)
Stlth    ++........             (no amulet)
HPRegen  0.00/turn              (no ring)
MPRegen  0.09/turn              (no ring)

@: rotting, hasted, very quick
A: rotting body, claws 1, carnivore, cold resistance 1, negative energy
resistance 3, inhibited regeneration, torment resistance, unbreathing
a: no special abilities


You were on level 4 of the Dungeon.
You were very hungry.

You visited 1 branch of the dungeon, and saw 4 of its levels.

You collected 159 gold pieces.

Inventory:

Armour
 j - a +0 leather armour (worn)
Jewellery
 a - a +4 amulet of reflection {unknown}
 d - a +3 ring of strength {unknown}
Wands
 c - a wand of disintegration (19)
Scrolls
 e - 4 scrolls of amnesia
 f - 2 scrolls of identify
 l - a scroll of teleportation
Potions
 m - a potion of curing {unknown}
 q - a potion of resistance {unknown}
 r - a potion of degeneration {unknown}
 t - a potion of brilliance {unknown}
Comestibles
 b - a ration
 h - 3 chunks of flesh


   Skills:
 + Level 3.9 Fighting
 + Level 1.7 Armour
 + Level 3.3 Dodging
 + Level 3.3 Stealth
 + Level 5.1 Unarmed Combat


You had 4 spell levels left.
You didn't know any spells.
Your spell library was empty.

Dungeon Overview and Level Annotations

Branches:
Dungeon (4/15)
 Temple: D:4-7

Altars:
Nemelex Xobeh
Qazlal

Annotations:
D:4 Sigmund


Innate Abilities, Weirdness & Mutations

Your body is rotting away.
You thrive on raw meat.
You are immune to poison.
You have sharp fingernails.
You are carnivorous and can eat meat at any time.
Your flesh is cold resistant. (rC+)
You are immune to negative energy. (rN+++)
You do not regenerate when monsters are visible.
You are immune to unholy pain and torment.
You can survive without breathing.


Message History

Sigmund is lightly wounded.
You closely miss the iguana. Sigmund barely misses you.
The iguana barely misses you. Sigmund closely misses you.
You closely miss the worker ant. Your claw misses the worker ant.
You feel less confused. The worker ant closely misses you.
The iguana bites you!
You closely miss the worker ant. The worker ant closely misses you.
Sigmund hits you from afar with a scythe.
The iguana bites you but does no damage.
You closely miss the worker ant. The worker ant barely misses you.
The iguana barely misses you.
It was a potion of haste.
You feel yourself speed up. The worker ant bites you.
* * * LOW HITPOINT WARNING * * *
Sigmund hits you from afar with a scythe.
* * * LOW HITPOINT WARNING * * *
The worker ant bites you.
* * * LOW HITPOINT WARNING * * *
The iguana bites you!
You die...

..####.## *,,,,,,,** ### #..##
***,,,,,,* ##..## *##**8***,,,,*
##..# ###.#,_,_,*,,,,** ##.##
##...#*,,,**,,,,,*
##.####....##⌠,⌠**,,,,,*
#..#.......##+##,,,,,,*
##......l.......,,,,,,*
###.....@a@......,,,,,,*
####................,,,,,,*
###.......#...........,,,,,,*
####..........##.........,,,,,,*
#.............####....>..,,,,,,*
#.....).......# *#......,,,,,,*
#.............# *......,,,,,**
#............## *##....,,,,**
##..........## **,,,,,***


You could see Sigmund, an iguana and a worker ant.

Vanquished Creatures
  A hound (D:4)
  An orc priest (D:3)
  A worker ant (D:4)
  7 adders
  A worm (D:3)
  5 dart slugs
  A leopard gecko (D:2)
  5 orcs
  5 giant cockroaches
  4 hobgoblins (D:1)
  2 jackals (D:1)
  A ball python (D:2)
  7 bats
  A frilled lizard (D:4)
  7 goblins
  A jackal skeleton (D:4)
  7 kobolds
  9 rats
66 creatures vanquished.

Notes
Turn   | Place    | Note
-------+----------+-------------------------------------------
     0 | D:1      | Blejac999 the Ghoul Monk began the quest for the Orb.
     0 | D:1      | Reached XP level 1. HP: 19/19 MP: 0/0
   299 | D:1      | Reached XP level 2. HP: 26/26 MP: 1/1
   782 | D:1      | Reached XP level 3. HP: 26/33 MP: 2/2
  1139 | D:2      | Found a stormy altar of Qazlal.
  1156 | D:2      | Reached skill level 4 in Unarmed Combat
  1281 | D:2      | Reached XP level 4. HP: 40/40 MP: 3/3
  1674 | D:3      | Found a sparkling altar of Nemelex Xobeh.
  2399 | D:3      | Reached skill level 1 in Armour
  2542 | D:3      | Reached XP level 5. HP: 46/46 MP: 4/4
  3104 | D:4      | Reached skill level 5 in Unarmed Combat
  3462 | D:4      | Noticed Sigmund
  3476 | D:4      | Slain by an iguana

Skill      XL: |  1  2  3  4  5 |
---------------+----------------+-----
Dodging        | 3 |  3.3
Unarmed Combat | 4 5 |  5.1
Stealth        | 3 |  3.3
Armour         | 1 |  1.7
Fighting       | |  3.9

Action                   |  1- 3 |  4- 6 || total
-------------------------+-------+-------++-------
Melee: Unarmed           |    81 |   133 ||   214
       Punch             |     1 |     2 ||     3
  Use: Scroll            |       |    10 ||    10
       Potion            |       |     2 ||     2
 Stab: Sleeping          |     3 |     3 ||     6
  Eat: Chunk             |     2 |     5 ||     7
Armor: Robe              |     8 |       ||     8
       Leather armour    |     8 |    27 ||    35
Dodge: Dodged            |    60 |    83 ||   143
